 Dungeon Crawl Stone Soup version 0.30-a0-335-ge5acde7520 (webtiles) character file.

Game seed: 3137214104788169467

13379 McGhostyFace the Thrower (level 12, -18/94 HPs)
             Began as a Gnoll Wanderer on Oct 30, 2022.
             Was a Follower of Ashenzari.
             Demolished by an ice devil (22 damage)
             ... on level 11 of the Dungeon on Oct 31, 2022.
             The game lasted 00:40:29 (12065 turns).

McGhostyFace the Thrower (Gnoll Wanderer)          Turns: 12065, Time: 00:40:32

Health: -18/94     AC: 18    Str: 11    XL:     12   Next: 5%
Magic:  24/24      EV: 16    Int: 22    God:    Ashenzari [*.....]
Gold:   426        SH:  6    Dex: 18    Spells: 22/28 levels left

rFire   + . .      SeeInvis +    Q - +10 flail "Daisko Fas" {freeze, Int+3 Dex+2 SInv}
rCold   . . .      Faith    .    j - +0 buckler
rNeg    . . .      Spirit   .    D - +1 leather armour {rF+}
rPois   .          Reflect  .    N - +0 helmet {Int+3}
rElec   .          Harm     .    u - +4 cloak of Cremastomancy {rCorr, Bglg, Self} (curse)
rCorr   +          Rampage  .    t - +0 pair of fencer's gloves {Riposte Dex+3}
Will    .....                    y - +0 pair of boots of Ashenzari's Sorrow {Fort, Cun} (curse)
Stlth   ++++......               (no amulet)
HPRegen 0.35/turn                q - +4 ring of protection
MPRegen 0.19/turn                L - ring of wizardry

@: no status effects
A: fangs 1, strong nose, distributed training
a: Renounce Religion, Shatter the Chains


You were on level 11 of the Dungeon.
You worshipped Ashenzari.
Ashenzari was aware of your devotion.
You visited 2 branches of the dungeon, and saw 12 of its levels.

You collected 1847 gold pieces.
You spent 1421 gold pieces at shops.

Inventory:

Hand Weapons
 d - the +6 dagger of the Valley of Death {freeze, rN++ Will+ Dex-2}
   (You took it off an orc warrior on level 9 of the Dungeon)

   It freezes those it strikes, dealing additional cold damage.
   It can also slow down cold-blooded creatures.
   Dex:       It affects your dexterity (-2).
   rN:        It greatly protects you from negative energy.
   Will:      It increases your willpower.
 z - the +5 sling of Hitironk {vorpal, rPois rCorr Dex+3}
   (You found it on level 4 of the Dungeon)

   Any ammunition fired from it inflicts extra damage upon your enemies.
   Dex:       It affects your dexterity (+3).
   rPois:     It protects you from poison.
   rCorr:     It protects you from acid and corrosion.
 F - a +0 demon whip of venom
 Q - the +10 flail "Daisko Fas" (weapon) {freeze, Int+3 Dex+2 SInv}
   (You took it off a gnoll on level 7 of the Dungeon)

   It freezes those it strikes, dealing additional cold damage.
   It can also slow down cold-blooded creatures.
   Int:       It affects your intelligence (+3).
   Dex:       It affects your dexterity (+2).
   SInv:      It lets you see invisible.
Missiles
 b - 3 curare-tipped darts
 e - 22 poisoned darts
 s - 10 boomerangs
Armour
 j - a +0 buckler (worn)
 t - the +0 pair of fencer's gloves (worn) {Riposte Dex+3}
   (You bought it in a shop on level 9 of the Dungeon)

   It allows the wearer to riposte with melee weapons, swiftly retaliating
   against missed or blocked melee attacks.
   Dex:       It affects your dexterity (+3).
 u - the cursed +4 cloak of Cremastomancy (worn) {rCorr, Bglg, Self}
   (You bought it in a shop on level 9 of the Dungeon)

   rCorr:     It protects you from acid and corrosion.
   It has a curse which improves the following skills: Beguiling: Conjurations,
   Hexes and Translocations.
   Introspection: Fighting and Spellcasting.
 y - the cursed +0 pair of boots of Ashenzari's Sorrow (worn) {Fort, Cun}
   (You found it on level 4 of the Dungeon)

   It has a curse which improves the following skills: Fortitude: Armour and
   Shields.
   Cunning:   Dodging and Stealth.
 D - a +1 leather armour of fire resistance (worn)
 N - a +0 helmet of intelligence (worn)
Jewellery
 f - an amulet of guardian spirit
 q - a +4 ring of protection (left hand)
 I - a ring of fire
 L - a ring of wizardry (right hand)
Wands
 a - a wand of polymorph (5)
 r - a wand of roots (13)
 C - a wand of flame (10)
 E - a wand of acid (5)
 G - a wand of digging (17)
Scrolls
 g - a scroll of enchant weapon
 h - 3 scrolls of enchant armour
 k - 2 scrolls of fog
 m - 7 scrolls of teleportation
 o - 12 scrolls of identify
 p - a scroll of blinking
 v - a scroll of silence
 x - a scroll of noise
 A - a scroll of summoning
 B - 2 scrolls of magic mapping
 K - a scroll of fear
 R - a scroll of poison
Potions
 i - 2 potions of invisibility
 l - a potion of brilliance
 n - 3 potions of attraction
 w - 5 potions of curing
 H - a potion of ambrosia
 J - a potion of cancellation
 M - 2 potions of lignification
 S - 2 potions of magic
Miscellaneous
 c - a piece from Xom's chessboard (15/15)


   Skills:
 + Level 7.6(8.5) Fighting
 + Level 7.1 Short Blades
 + Level 7.1 Long Blades
 + Level 7.1 Axes
 + Level 7.1 Maces & Flails
 + Level 7.1 Polearms
 + Level 7.1 Staves
 + Level 7.1 Ranged Weapons
 + Level 11.1 Throwing
 + Level 7.1(8.0) Armour
 + Level 7.1(8.0) Dodging
 + Level 7.1(8.0) Stealth
 + Level 7.1(8.0) Shields
 + Level 7.1 Unarmed Combat
 + Level 7.7(8.6) Spellcasting
 + Level 6.3(7.2) Conjurations
 + Level 5.9(6.8) Hexes
 + Level 5.9 Summonings
 + Level 5.9 Necromancy
 + Level 5.9(6.8) Translocations
 + Level 5.9 Transmutations
 + Level 5.9 Fire Magic
 + Level 5.9 Ice Magic
 + Level 5.9 Air Magic
 + Level 5.9 Earth Magic
 + Level 5.9 Poison Magic
 + Level 8.3 Invocations
 + Level 8.6 Evocations


You had 22 spell levels left.
You knew the following spells:

 Your Spells              Type           Power      Damage    Failure   Level
a - Static Discharge      Conj/Air       76%        2-6/arc   1%          2
b - Anguish               Hex/Necr       18%        N/A       3%          4

Your spell library contained the following spells:

 Spells                   Type           Power      Damage    Failure   Level
 Ensorcelled Hibernation  Hex/Ice        74%        N/A       1%          2
 Passwall                 Tmut/Erth      29%        N/A       1%          2
 Searing Ray              Conj           82%        2d7       1%          2
 Spider Form              Tmut/Pois      35%        N/A       1%          3
 Swiftness                Air            35%        N/A       1%          3


Dungeon Overview and Level Annotations

Branches:
Dungeon (11/15)            Temple (1/1) D:4            Lair (0/5) D:10
    Orc (0/2) D:9

Altars:
Ashenzari
Cheibriados
Dithmenos
Elyvilon
Fedhas
Gozag
Hepliaklqana
Kikubaaqudgha
Makhleb
Nemelex Xobeh
Okawaru
Qazlal
Ru
Sif Muna
Trog
Uskayaw
Vehumet
Wu Jian
Xom
Yredelemnul
Zin
The Shining One

Shops:
D:3 [   D:6 *   D:7 *   D:9 ([

Portals:
Ice
Cave: D:11

Annotations:
D:6 1 runed translucent door, billz999's ghost, novice GnHu


Innate Abilities, Weirdness & Mutations

You have very sharp teeth.
Your uncanny sense of smell can sniff out nearby items.
Your experience applies equally to all skills.


Message History

You feel clever.
You feel agile.
The +10 flail "Daisko Fas" {freeze, Int+3 Dex+2 SInv} glows with a cold blue light!
Q - the +10 flail "Daisko Fas" (weapon)
{freeze, Int+3 Dex+2 SInv}
Okay, then.
Aiming: Fastroot
Press: ? - help, Shift-Dir - straight line, f - ice devil
Aim: an ice devil The roots erupt in riotous growth!
Roots grab the ice devil.
The grasping roots constrict the ice devil.
The ice devil struggles to escape constriction.
Found a frozen archway.
The grasping roots constrict the ice devil.
The ice devil hits you but does no damage.
There is an open door here.
You hit the ice devil but do no damage.
The ice devil is moderately wounded.
The grasping roots constrict the ice devil.
The ice devil completely misses you. The ice devil closely misses you.
You sock the ice devil!
The ice devil is severely wounded.
The grasping roots constrict the ice devil.
The roots release their grip on the ice devil.
The ice devil barely misses you. You block the ice devil's attack.
You hit the ice devil.
You bite the ice devil, but do no damage.
The ice devil is almost dead.
The ice devil hits you but does no damage.
The ice devil misses you. The ice devil barely misses you.
The ice devil hits you.
* * * LOW HITPOINT WARNING * * *
The ice devil freezes you!
* * * LOW HITPOINT WARNING * * *
You hit the ice devil.
You bite the ice devil, but do no damage.
The ice devil is almost dead.
The ice devil misses you. The ice devil hits you!
* * * LOW HITPOINT WARNING * * *
The ice devil freezes you!!
You die...

**,****** #..#.###.#.. ,,,,,,..#
#........... **,***#.#
###..###.### *,* #.# #...#*,***
#,* #.# #.#.#,,,,, *#.####.####
#.#.#,,,,, ,,...##.##.#######
#.#.#,**** ,**#.##.#.#......#
#.#.#,,,,, .* #.....#####'#@#
#.#.#,**** .###.##.## #.44#
####.#.#.##** .........#* ##.##
#...........,
##..#####.#***#.#**
#.##.###.###* #..# *#.#*,...,*
#.##.# *,* * #..# *##*...|.*
#.##.# *,* * #..# *.....* #.##.#
*,* * #..#########..∩,,*##.##.#
*∆*
#..#......#*******#.....###.****


You could see 2 ice devils.

Vanquished Creatures
  2 two-headed ogres (D:10)
  Amaemon (D:8)
  Pikel (D:7)
  A cyclops (D:11)
  An orange demon (D:8)
  3 kobold demonologists (D:10)
  An unseen horror (D:11)
  A komodo dragon (D:11)
  A troll (D:9)
  2 shadows
  A vampire (D:10)
  Eustachio (D:6)
  5 wyverns
  15 yaks
  A steam dragon (D:6)
  A basilisk (D:10)
  A vampire mosquito (D:10)
  Edmund (D:4)
  Menkaure (D:4)
  2 water moccasins
  An acid dragon (D:10)
  A sky beast (D:6)
  Duvessa (D:4)
  5 orc warriors
  3 black bears
  An ogre (D:6)
  2 phantoms (D:4)
  6 centaurs
  2 lemures
  5 kobold brigands
  Blork the orc (D:5)
  3 bullfrogs
  4 scorpions
  8 wights
  Dowan (D:4)
  7 killer bees
  3 howler monkeys
  2 gnoll boudas
  A jelly (D:4)
  3 hounds
  12 orc priests
  4 iguanas
  Natasha (thrice) (D:4)
  14 orc wizards
  5 gnolls (D:7)
  7 adders
  2 shadow imps
  A white imp (D:7)
  An ufetubus (D:6)
  3 worms
  5 dart slugs
  44 orcs
  8 endoplasms
  A giant cockroach (D:1)
  7 goblins
  2 hobgoblins
  4 jackals (D:3)
  3 quokkas
  4 ball pythons
  4 bats
  A frilled lizard (D:2)
  24 kobolds
  2 rats
264 creatures vanquished.

Notes
Turn   | Place    | Note
-------+----------+-------------------------------------------
     0 | D:1      | McGhostyFace the Gnoll Wanderer began the quest for the
                  | Orb.
     0 | D:1      | McGhostyFace set off with the following items: a +2 dagger,
                  | 4 curare-tipped darts, a piece from Xom's chessboard
                  | (15/15), a potion of berserk rage, a +0 robe; and the
                  | following spells available to memorise: Searing Ray, Static
                  | Discharge.
     0 | D:1      | Reached XP level 1. HP: 17/17 MP: 4/4
   187 | D:1      | Found a faded altar of an unknown god.
   222 | D:1      | Reached XP level 2. HP: 13/23 MP: 5/5
   754 | D:2      | Reached XP level 3. HP: 21/28 MP: 7/7
  1283 | D:2      | Reached skill level 1 in Short Blades
  1283 | D:2      | Reached skill level 1 in Long Blades
  1283 | D:2      | Reached skill level 1 in Axes
  1283 | D:2      | Reached skill level 1 in Maces & Flails
  1283 | D:2      | Reached skill level 1 in Polearms
  1283 | D:2      | Reached skill level 1 in Staves
  1283 | D:2      | Reached skill level 1 in Ranged Weapons
  1283 | D:2      | Reached skill level 1 in Armour
  1283 | D:2      | Reached skill level 1 in Dodging
  1283 | D:2      | Reached skill level 1 in Stealth
  1283 | D:2      | Reached skill level 1 in Shields
  1283 | D:2      | Reached skill level 1 in Unarmed Combat
  1659 | D:2      | Learned a level 2 spell: Static Discharge
  1971 | D:3      | Reached XP level 4. HP: 29/34 MP: 8/8
  2090 | D:3      | Reached skill level 1 in Hexes
  2090 | D:3      | Reached skill level 1 in Summonings
  2090 | D:3      | Reached skill level 1 in Necromancy
  2090 | D:3      | Reached skill level 1 in Translocations
  2090 | D:3      | Reached skill level 1 in Transmutations
  2090 | D:3      | Reached skill level 1 in Fire Magic
  2090 | D:3      | Reached skill level 1 in Ice Magic
  2090 | D:3      | Reached skill level 1 in Air Magic
  2090 | D:3      | Reached skill level 1 in Earth Magic
  2090 | D:3      | Reached skill level 1 in Poison Magic
  2096 | D:3      | Reached XP level 5. HP: 40/40 MP: 9/9
  2127 | D:3      | Noticed a black bear
  2131 | D:3      | Killed a black bear
  2225 | D:3      | Found Badi's Antique Armour Emporium.
  2299 | D:3      | Found a snail-covered altar of Cheibriados.
  2321 | D:3      | Reached XP level 6. HP: 47/47 MP: 11/11
  2409 | D:3      | Reached skill level 5 in Evocations
  3031 | D:4      | Found a sacrificial altar of Ru.
  3107 | D:4      | Reached XP level 7. HP: 52/52 MP: 12/12
  3113 | D:4      | Noticed Natasha
  3116 | D:4      | Killed Natasha
  3128 | D:4      | Noticed Edmund
  3135 | D:4      | Noticed Dowan
  3137 | D:4      | Noticed Duvessa
  3139 | D:4      | Noticed Menkaure
  3470 | D:4      | Noticed Natasha
  3485 | D:4      | Killed Natasha
  3500 | D:4      | Identified the +5 sling of Hitironk {vorpal, rPois rCorr
                  | Dex+3}
  3643 | D:4      | Killed Duvessa
  3644 | D:4      | Reached skill level 9 in Throwing
  3649 | D:4      | Killed Dowan
  3688 | D:4      | Found a staircase to the Ecumenical Temple.
  3699 | Temple   | Entered the Ecumenical Temple
  3920 | D:4      | Killed Menkaure
  4027 | D:4      | Reached XP level 8. HP: 60/60 MP: 14/14
  4098 | D:4      | Killed Edmund
  4230 | D:4      | Noticed Natasha
  4236 | D:4      | Killed Natasha
  4340 | D:5      | Entered Level 5 of the Dungeon
  4370 | D:5      | Found a glowing silver altar of Zin.
  4371 | D:5      | Found a basalt altar of Yredelemnul.
  4462 | D:5      | Found a broken altar of Ashenzari.
  4485 | D:5      | Became a worshipper of Ashenzari the Shackled
  4603 | D:5      | Found a glowing golden altar of the Shining One.
  4817 | D:5      | Noticed Blork the orc
  4829 | D:5      | Killed Blork the orc
  4974 | D:5      | Reached skill level 5 in Invocations
  5278 | D:5      | Found an opulent altar of Gozag.
  5383 | D:6      | Noticed Eustachio
  5392 | D:6      | Killed Eustachio
  5393 | D:6      | Reached XP level 9. HP: 66/66 MP: 16/16
  5577 | D:5      | Reached skill level 5 in Spellcasting
  5675 | D:6      | Reached skill level 5 in Fighting
  6704 | D:6      | Found Jenesidu's Assorted Antiques.
  6818 | D:6      | Found a runed translucent door.
  6818 | D:6      | Found a shimmering altar of Xom.
  6818 | D:6      | Noticed a +0 flail of chaos
  6818 | D:6      | Noticed billz999's ghost (novice GnHu)
  6973 | D:6      | Reached * piety under Ashenzari
  6973 | D:6      | Identified a scroll of acquirement
  6974 | D:6      | Acquired 1113 gold pieces
  7176 | D:3      | Bought a buckler for 103 gold pieces
  7176 | D:3      | Bought a glowing helmet for 172 gold pieces
  7235 | D:6      | Learned a level 4 spell: Anguish
  7695 | D:7      | Found a shimmering altar of Xom.
  7841 | D:7      | Found a burning altar of Makhleb.
  7870 | D:7      | Found Texeym's General Store.
  7886 | D:7      | Bought a +0 cloak for 67 gold pieces
  7985 | D:7      | Identified the +10 flail "Daisko Fas" {freeze, Int+3 Dex+2
                  | SInv}
  8019 | D:7      | Reached skill level 5 in Short Blades
  8019 | D:7      | Reached skill level 5 in Long Blades
  8019 | D:7      | Reached skill level 5 in Axes
  8019 | D:7      | Reached skill level 5 in Maces & Flails
  8019 | D:7      | Reached skill level 5 in Polearms
  8019 | D:7      | Reached skill level 5 in Staves
  8019 | D:7      | Reached skill level 5 in Ranged Weapons
  8019 | D:7      | Reached skill level 5 in Armour
  8019 | D:7      | Reached skill level 5 in Dodging
  8019 | D:7      | Reached skill level 5 in Stealth
  8019 | D:7      | Reached skill level 5 in Shields
  8019 | D:7      | Reached skill level 5 in Unarmed Combat
  8019 | D:7      | Reached XP level 10. HP: 68/77 MP: 19/19
  8085 | D:7      | Reached skill level 10 in Throwing
  8496 | D:8      | Noticed Pikel
  8519 | D:7      | Killed Pikel
  8583 | D:8      | Noticed an orange demon
  8584 | D:8      | Noticed Amaemon
  8604 | D:8      | Killed Amaemon
  8605 | D:8      | Reached skill level 5 in Conjurations
  8869 | D:8      | Killed an orange demon
  9753 | D:9      | Reached ** piety under Ashenzari
  9840 | D:9      | Found Afukett's Armour Boutique.
  9876 | D:9      | Found a staircase to the Orcish Mines.
  9879 | D:9      | Found Fagips's Weapon Boutique.
  9887 | D:9      | Identified the +6 dagger of the Valley of Death {freeze,
                  | rN++ Will+ Dex-2}
  9996 | D:9      | Bought the +0 pair of fencer's gloves {Riposte Dex+3} for
                  | 560 gold pieces
  9996 | D:9      | Found the +0 pair of fencer's gloves {Riposte Dex+3}
  9996 | D:9      | Bought the +4 cloak of the Midnight Sun {rCorr} for 519
                  | gold pieces
 10089 | D:9      | Reached skill level 5 in Hexes
 10089 | D:9      | Reached skill level 5 in Summonings
 10089 | D:9      | Reached skill level 5 in Necromancy
 10089 | D:9      | Reached skill level 5 in Translocations
 10089 | D:9      | Reached skill level 5 in Transmutations
 10089 | D:9      | Reached skill level 5 in Fire Magic
 10089 | D:9      | Reached skill level 5 in Ice Magic
 10089 | D:9      | Reached skill level 5 in Air Magic
 10089 | D:9      | Reached skill level 5 in Earth Magic
 10089 | D:9      | Reached skill level 5 in Poison Magic
 10089 | D:9      | Reached XP level 11. HP: 81/84 MP: 22/22
 10506 | D:10     | Entered Level 10 of the Dungeon
 10506 | D:10     | Noticed a two-headed ogre
 10516 | D:10     | Killed a two-headed ogre
 10973 | D:10     | Identified the cursed +0 pair of boots of Ashenzari's
                  | Sorrow {Fort, Cun} (You found it on level 4 of the Dungeon)
 11273 | D:10     | Found a staircase to the Lair.
 11399 | D:10     | Noticed a two-headed ogre
 11409 | D:10     | Killed a two-headed ogre
 11510 | D:10     | Found a blossoming altar of Fedhas.
 11600 | D:10     | Noticed a sixfirhy
 11604 | D:10     | Reached skill level 11 in Throwing
 11605 | D:10     | Noticed a soul eater
 12001 | D:11     | Noticed a cyclops
 12013 | D:11     | Killed a cyclops
 12014 | D:11     | Reached XP level 12. HP: 54/94 MP: 24/24
 12061 | D:11     | Found a frozen archway.
 12065 | D:11     | HP: 4/94 [ice devil (11)]
 12065 | D:11     | Demolished by an ice devil

Illustrated notes

Levels and vault maps discovered:
D:1:      dpeg_arrival_rooms_a, layout_basic, shapermc_ecumenical_altar_venn,
          due_unseen_surprise
D:2:      minmay_skewed_foursquare, layout_loops_ring, grunt_decor_cap
D:3:      layout_basic, mainiacjoe_overflow_six_doors_small, serial_shops, shop
D:4:      layout_cave_pools, lemuel_coloured_pillars_altar,
          minmay_temple_entry_glassed_door, uniq_natasha, uniq_duvessa,
          uniq_edmund, uniq_menkaure
D:5:      kennysheep_big_flooded_room, layout_rooms, mainiacjoe_overflow_paths,
          ashenzari_altar_1, general_overflow_altar, jmf_multi_god_temple,
          uniq_blork_the_orc
D:6:      layout_cave_pools, serial_shops, nicolae_shop_overgrown_old_shop,
          ebering_ghost_xom, patterned_corridor, uniq_eustachio
D:7:      layout_basic, xom_teletrap_fun, makhleb_heckhound_becter,
          serial_shops, nicolae_shop_waterfront
D:8:      layout_basic, uniq_pikel, uniq_amaemon
D:9:      layout_cave_pools, orc_david_3, nicolae_two_hexagons,
          minmay_fractal_squares_5
D:10:     minmay_s_stair_smasher, layout_cave_pools, fedhas_altar_4,
          david_lair_generic
D:11:     layout_loops_ring, portal_ice_cave_demonic_guard,
          ebering_ghost_funeral_grove, st_stairs_7
Temple:   nicolae_temple_bog_church

Skill      XL: |  1  2  3  4  5  6  7  8  9 10 11 |
---------------+----------------------------------+-----
Conjurations   | 2 3 4 5 6 |  6.3
Short Blades   | 1 2 3 5 6 7 |  7.1
Long Blades    | 1 2 3 5 6 7 |  7.1
Axes           | 1 2 3 5 6 7 |  7.1
Maces & Flails | 1 2 3 5 6 7 |  7.1
Polearms       | 1 2 3 5 6 7 |  7.1
Staves         | 1 2 3 5 6 7 |  7.1
Ranged Weapons | 1 2 3 5 6 7 |  7.1
Armour         | 1 2 3 5 6 7 |  7.1
Dodging        | 1 2 3 5 6 7 |  7.1
Stealth        | 1 2 3 5 6 7 |  7.1
Shields        | 1 2 3 5 6 7 |  7.1
Unarmed Combat | 1 2 3 5 6 7 |  7.1
Spellcasting   | 3 4 5 6 7 |  7.7
Hexes          | 1 2 3 4 5 |  5.9
Summonings     | 1 2 3 4 5 |  5.9
Necromancy     | 1 2 3 4 5 |  5.9
Translocations | 1 2 3 4 5 |  5.9
Transmutations | 1 2 3 4 5 |  5.9
Fire Magic     | 1 2 3 4 5 |  5.9
Ice Magic      | 1 2 3 4 5 |  5.9
Air Magic      | 1 2 3 4 5 |  5.9
Earth Magic    | 1 2 3 4 5 |  5.9
Poison Magic   | 1 2 3 4 5 |  5.9
Invocations    | 3 4 5 6 7 8 |  8.3
Fighting       | 3 4 5 6 7 |  7.6
Evocations     | 5 6 7 8 |  8.6
Throwing       | 9 10 11 | 11.1

Action                   |  1- 3 |  4- 6 |  7- 9 | 10-12 || total
-------------------------+-------+-------+-------+-------++-------
Melee: Dagger            |   128 |    49 |    47 |       ||   224
       Bite              |    13 |     4 |    23 |    22 ||    62
       Punch             |     4 |     2 |     2 |       ||     8
       Spear             |       |       |   163 |       ||   163
       Sling             |       |       |    12 |       ||    12
       Flail             |       |       |       |   212 ||   212
 Fire: Sling             |       |       |   208 |   176 ||   384
Throw: Dart              |     2 |     3 |    15 |    11 ||    31
       Boomerang         |       |   102 |    18 |    20 ||   140
 Cast: Static Discharge  |       |     4 |     2 |     2 ||     8
       Anguish           |       |       |       |     2 ||     2
Invok: Curse Item        |       |       |     2 |     2 ||     4
       Shatter the Chain |       |       |       |     2 ||     2
Evoke: Piece from Xom's  |     3 |       |       |       ||     3
       Wand              |       |       |     1 |     3 ||     4
  Use: Scroll            |       |       |     3 |     2 ||     5
       Potion            |       |       |     3 |     6 ||     9
 Stab: Sleeping          |     4 |       |     3 |     1 ||     8
       Distracted        |       |       |       |     1 ||     1
Armor: Robe              |    21 |    17 |    16 |       ||    54
       Leather armour    |       |       |    91 |   118 ||   209
       Skin              |       |       |       |     4 ||     4
Dodge: Dodged            |    60 |    38 |   187 |   242 ||   527
Block: Buckler           |       |       |    14 |   116 ||   130
       Rpst.: Flail      |       |       |       |    41 ||    41

Table legend: (Time is in decaauts)
 A = Elapsed time spent in this place.
 B = Non-inter-level travel time spent in this place.
 C = Inter-level travel time spent in this place.
 D = Time resting spent in this place.
 E = Time spent auto-exploring this place.
 F = Levels seen in this place.
 G = Mean time per level.
                   A        B        C        D        E       F      G
               +--------+--------+--------+--------+--------+-----+--------+
         Total |  12178 |  11815 |    363 |   3477 |   5651 |  12 | 1014.8 |
       Dungeon |  11967 |  11635 |    332 |   3477 |   5482 |  11 | 1087.9 |
        Temple |    210 |    180 |     30 |      0 |    169 |   1 |  210.0 |
               +--------+--------+--------+--------+--------+-----+--------+

Top non-repeatable levels by time:
     D:5: 1455 daAuts
    D:10: 1453 daAuts
     D:3: 1388 daAuts
     D:2: 1259 daAuts
     D:6: 1194 daAuts
     D:4: 1179 daAuts
     D:8: 1165 daAuts
     D:7: 1091 daAuts
     D:9: 1041 daAuts
     D:1: 619 daAuts
  Temple: 210 daAuts
    D:11: 118 daAuts
